 Dungeon Crawl Stone Soup version 0.26.1-11-gd32895ea62 (webtiles) character file.

Game seed: 14957669400632286562

172 jlumianski the Grasshopper (level 5, -1/43 HPs)
             Began as a Gnoll Warper on July 15, 2021.
             Was an Initiate of Qazlal.
             Slain by a lemure (3 damage)
             ... led by Pikel
             ... on level 3 of the Dungeon on July 16, 2021.
             The game lasted 00:20:34 (3747 turns).

jlumianski the Grasshopper (Gnoll Warper)           Turns: 3747, Time: 00:20:35

Health: -1/43      AC:  7    Str: 14    XL:     5   Next: 52%
Magic:  1/12       EV: 13    Int: 16    God:    Qazlal [......]
Gold:   171        SH:  0    Dex: 14    Spells: 9/14 levels left

rFire    . . .     SeeInvis .   a - +0 hand axe
rCold    . . .     Faith    .   (no shield)
rNeg     . . .     Spirit   .   n - +0 ring mail
rPois    .         Reflect  .   x - +0 helmet
rElec    .         Harm     .   (no cloak)
rCorr    .         Rampage  .   s - +0 pair of gloves
Will     .....                  (no boots)
Stlth    +.........             (no amulet)
HPRegen  0.14/turn              (no ring)
MPRegen  0.13/turn              (no ring)

@: no status effects
A: distributed training, fangs 1, strong nose
a: Renounce Religion


You were on level 3 of the Dungeon.
You worshipped Qazlal.
Qazlal was noncommittal.
You visited 2 branches of the dungeon, and saw 5 of its levels.

You collected 171 gold pieces.

Inventory:

Hand Weapons
 a - a +0 hand axe (weapon)
 m - a +1 dagger of speed
 u - a +0 club
 w - a +1 dagger of venom
Missiles
 e - 5 boomerangs of dispersal (quivered)
 h - 34 sling bullets
 j - 21 arrows
 o - 137 stones
 y - 60 bolts
Armour
 b - a +0 leather armour
 n - a +0 ring mail (worn)
 s - a +0 pair of gloves (worn)
 x - a +0 helmet (worn)
Jewellery
 z - a cursed amulet of inaccuracy
Scrolls
 c - a scroll of magic mapping
 d - 2 scrolls of blinking
 g - a scroll of enchant weapon {unknown}
 i - 2 scrolls of identify
 k - 2 scrolls of fog {unknown}
 q - a scroll of amnesia {unknown}
 r - 3 scrolls of enchant armour {unknown}
 B - a scroll of teleportation {unknown}
Potions
 f - a potion of lignification {unknown}
 l - a potion of flight
 p - a potion of cancellation
 v - a potion of might {unknown}
 A - a potion of ambrosia {unknown}
 C - a potion of magic {unknown}


   Skills:
 + Level 4.8 Fighting
 + Level 1.5 Short Blades
 + Level 1.5 Long Blades
 + Level 4.8 Axes
 + Level 1.5 Maces & Flails
 + Level 1.5 Polearms
 + Level 1.5 Staves
 + Level 1.5 Slings
 + Level 1.5 Bows
 + Level 1.5 Crossbows
 + Level 3.0 Throwing
 + Level 3.0 Armour
 + Level 4.8 Dodging
 + Level 1.5 Stealth
 + Level 1.5 Shields
 + Level 1.5 Unarmed Combat
 + Level 5.2 Spellcasting
 + Level 1.2 Conjurations
 + Level 1.2 Hexes
 + Level 1.2 Summonings
 + Level 1.2 Necromancy
 + Level 5.5 Translocations
 + Level 1.2 Transmutations
 + Level 1.2 Fire Magic
 + Level 1.2 Ice Magic
 + Level 1.2 Air Magic
 + Level 1.2 Earth Magic
 + Level 1.2 Poison Magic
 + Level 1.7 Invocations
 + Level 1.5 Evocations


You had 9 spell levels left.
You knew the following spells:

 Your Spells              Type           Power        Failure   Level
a - Blink                 Tloc           N/A          4%          2
b - Gell's Gravitas       Tloc           11%          9%          3

Your spell library contained the following spells:

 Spells                   Type           Power        Failure   Level
 Lesser Beckoning         Tloc           11%          9%          3
 Teleport Other           Tloc           22%          9%          3
 Passage of Golubria      Tloc           N/A          30%         4


Dungeon Overview and Level Annotations

Branches:
Dungeon (4/15)             Temple (1/1) D:4

Altars:
Ashenzari
Cheibriados
Dithmenos
Elyvilon
Fedhas
Gozag
Hepliaklqana
Kikubaaqudgha
Makhleb
Nemelex Xobeh
Okawaru
Qazlal
Ru
Sif Muna
Trog
Uskayaw
Vehumet
Wu Jian
Xom
Yredelemnul
The Shining One

Annotations:
D:4 Pikel


Innate Abilities, Weirdness & Mutations

Your experience applies equally to all skills.
You have very sharp teeth.
Your uncanny sense of smell can sniff out nearby items.


Message History

Throw: javelin (silver)
Press: ? - help, Q - select action, (/) - cycle Shift-Dir - straight line, f/p - lemure
Aim: a lemure (heavily wounded, 55% to hit)
You throw a silver javelin.
The silver javelin pierces through the lemure!
The lemure is almost dead.
Casting: Blink (safe; 4% risk of failure)
Confirm with . or Enter, or press ? or * to list all spells.
You don't have enough magic to cast that spell.
You hit the lemure but do no damage.
The lemure is almost dead.
The lemure hits you.
* * * LOW HITPOINT WARNING * * *
You closely miss the lemure.
The lemure is almost dead.
The lemure misses you.
You miss the lemure.
The lemure is almost dead.
The lemure hits you.
You die...

###..........(.....##########
#.#
....#########..#.#.))...))..#
#.#
###.#########((#...########.#
#.#
###................########.#
#.#
#.###########....#.....†....#
#.# ...# #(...#...########
#.# #.##
#..#####......#####.# #.#
#....#...####........ #.#
#.##@#.### #######.. #.#
#(##5..# #.. #.# ###.##..##
#.. #.# ##.#.##..# #.. #.#
##...(....# #.. #.#
##.........# ###.. #.#
#.(...(....###########....
#.#
##.......#..#..........##[
#.###
##..>...##.#.#######..##.


You could see a lemure.

Vanquished Creatures
  A lemure (D:3)
  An orc priest (D:3)
  Robin (D:1)
  4 adders
  2 worms (D:2)
  A dart slug (D:1)
  4 leopard geckos
  7 orcs (D:3)
  A ball python (D:1)
  4 bats
  3 giant cockroaches
  15 goblins
  8 hobgoblins
  7 jackals
  A quokka (D:3)
  7 frilled lizards
  3 kobolds (D:1)
  4 rats
74 creatures vanquished.

Vanquished Creatures (others)
  2 plants (D:1)
2 creatures vanquished.

Grand Total: 76 creatures vanquished

Notes
Turn   | Place    | Note
-------+----------+-------------------------------------------
     0 | D:1      | jlumianski the Gnoll Warper began the quest for the Orb.
     0 | D:1      | Reached XP level 1. HP: 20/20 MP: 6/6
    80 | D:1      | Reached XP level 2. HP: 22/26 MP: 7/7
    83 | D:1      | Learned a level 2 spell: Blink
  1099 | D:1      | Reached skill level 5 in Spellcasting
  1099 | D:1      | Reached XP level 3. HP: 28/31 MP: 7/9
  1261 | D:2      | Reached skill level 1 in Invocations
  1570 | D:2      | Reached skill level 1 in Short Blades
  1570 | D:2      | Reached skill level 1 in Long Blades
  1570 | D:2      | Reached skill level 1 in Maces & Flails
  1570 | D:2      | Reached skill level 1 in Polearms
  1570 | D:2      | Reached skill level 1 in Staves
  1570 | D:2      | Reached skill level 1 in Slings
  1570 | D:2      | Reached skill level 1 in Bows
  1570 | D:2      | Reached skill level 1 in Crossbows
  1570 | D:2      | Reached skill level 1 in Stealth
  1570 | D:2      | Reached skill level 1 in Shields
  1570 | D:2      | Reached skill level 1 in Unarmed Combat
  1570 | D:2      | Reached skill level 1 in Evocations
  1601 | D:2      | Reached XP level 4. HP: 36/38 MP: 11/11
  1645 | D:2      | Found an iron altar of Okawaru.
  1843 | D:2      | Noticed Robin
  1858 | D:1      | Learned a level 3 spell: Gell's Gravitas
  2079 | D:1      | Killed Robin
  2126 | D:2      | Reached skill level 1 in Conjurations
  2126 | D:2      | Reached skill level 1 in Hexes
  2126 | D:2      | Reached skill level 1 in Summonings
  2126 | D:2      | Reached skill level 1 in Necromancy
  2126 | D:2      | Reached skill level 1 in Transmutations
  2126 | D:2      | Reached skill level 1 in Fire Magic
  2126 | D:2      | Reached skill level 1 in Ice Magic
  2126 | D:2      | Reached skill level 1 in Air Magic
  2126 | D:2      | Reached skill level 1 in Earth Magic
  2126 | D:2      | Reached skill level 1 in Poison Magic
  2645 | D:3      | Reached XP level 5. HP: 43/43 MP: 12/12
  3326 | D:4      | Found a staircase to the Ecumenical Temple.
  3336 | Temple   | Entered the Ecumenical Temple
  3477 | Temple   | Became a worshipper of Qazlal Stormbringer
  3529 | D:4      | Noticed a lemure
  3529 | D:4      | Noticed a lemure
  3530 | D:4      | Noticed Pikel
  3530 | D:4      | Noticed a lemure
  3530 | D:4      | Noticed a lemure
  3566 | D:3      | Killed a lemure
  3745 | D:3      | HP: 1/43 [lemure[Pikel] (6)]
  3747 | D:3      | Slain by a lemure

Illustrated notes

Levels and vault maps discovered:
D:1:      scummos_arrival_star, layout_loops_ring, serial_bayou,
          serial_bayou_pond_e, serial_bayou_pond_d, serial_bayou_pond_c,
          minmay_pentomino_s2
D:2:      layout_rooms, okawaru_ov_weapons_minmay, uniq_robin
D:3:      layout_loops_ring
D:4:      layout_rooms, minmay_temple_entry_trees, grunt_ministairs_1,
          uniq_edmund, uniq_pikel
Temple:   minmay_crystal_snake_temple

Skill      XL: |  1  2  3  4  5 |
---------------+----------------+-----
Spellcasting   | 5 |  5.2
Invocations    | 1 |  1.7
Short Blades   | 1 |  1.5
Long Blades    | 1 |  1.5
Maces & Flails | 1 |  1.5
Polearms       | 1 |  1.5
Staves         | 1 |  1.5
Slings         | 1 |  1.5
Bows           | 1 |  1.5
Crossbows      | 1 |  1.5
Stealth        | 1 |  1.5
Shields        | 1 |  1.5
Unarmed Combat | 1 |  1.5
Evocations     | 1 |  1.5
Conjurations   | 1 |  1.2
Hexes          | 1 |  1.2
Summonings     | 1 |  1.2
Necromancy     | 1 |  1.2
Transmutations | 1 |  1.2
Fire Magic     | 1 |  1.2
Ice Magic      | 1 |  1.2
Air Magic      | 1 |  1.2
Earth Magic    | 1 |  1.2
Poison Magic   | 1 |  1.2
Throwing       | 3 |  3.0
Armour         | 3 |  3.0
Fighting       | |  4.8
Axes           | |  4.8
Dodging        | |  4.8
Translocations | |  5.5

Action                   |  1- 3 |  4- 6 || total
-------------------------+-------+-------++-------
Melee: Hand axe          |    97 |   164 ||   261
       Bite              |     6 |    20 ||    26
       Unarmed           |       |    10 ||    10
       Punch             |       |     2 ||     2
Throw: Stone             |    24 |     8 ||    32
       Javelin           |       |    12 ||    12
 Cast: Blink             |     4 |     8 ||    12
       Gell's Gravitas   |       |     6 ||     6
  Use: Scroll            |       |     2 ||     2
       Potion            |       |     2 ||     2
Armor: Leather armour    |    12 |       ||    12
       Ring mail         |    15 |    51 ||    66
Dodge: Dodged            |    78 |   120 ||   198
